 Dungeon Crawl Stone Soup version 0.29.1-4-g47bece8355 (webtiles) character file.

Game seed: 14920170745233691591

68 hawla the Chiller (level 4, -1/33 HPs)
             Began as a Meteoran Ice Elementalist on Dec 10, 2022.
             Succumbed to Jessica's poison
             ... on level 2 of the Dungeon.
             The game lasted 00:02:53 (345 turns).

hawla the Chiller (Meteoran Ice Elementalist)        Turns: 345, Time: 00:02:53

Health: -1/33      AC:  4    Str:  9    XL:     4   Next: 68%
Magic:  2/11       EV: 12    Int: 19    God:
Gold:   45         SH:  0    Dex: 14    Spells: 10/11 levels left

rFire   . . .      SeeInvis .   (no weapon)
rCold   . . .      Faith    .   (no shield)
rNeg    . . .      Spirit   .   a - +0 robe
rPois   .          Reflect  .   (no helmet)
rElec   .          Harm     .   (no cloak)
rCorr   .          Rampage  .   c - +1 pair of gloves {Stlth+}
Will    .....                   (no boots)
Stlth   +.........              (no amulet)
HPRegen 0.11/turn               (no ring)
MPRegen 0.12/turn               (no ring)

@: lethally poisoned (-1 -> -10), glowing
A: sense surroundings 1, otherworldly, glowing, explore regen
a: no special abilities


You were on level 2 of the Dungeon.
You visited 1 branch of the dungeon, and saw 2 of its levels.

You collected 45 gold pieces.

Inventory:

Armour
 a - a +0 robe (worn)
 c - a +1 pair of gloves of stealth (worn)
Jewellery
 d - a ring of protection from fire


   Skills:
 + Level 2.6 Dodging
 - Level 1.4 Stealth
 + Level 4.2 Spellcasting
 + Level 5.2 Ice Magic


You had 10 spell levels left.
You knew the following spells:

 Your Spells              Type           Power      Damage    Failure   Level
a - Freeze                Ice            92%        1d10      1%          1

Your spell library contained the following spells:

 Spells                   Type           Power      Damage    Failure   Level
 Frozen Ramparts          Ice            46%        1d7       4%          3
 Ozocubu's Armour         Ice            23%        N/A       4%          3
 Hailstorm                Conj/Ice       14%        3d5       41%         4


Dungeon Overview and Level Annotations

Branches:
Dungeon (2/15) Zot: 855

Altars:


Innate Abilities, Weirdness & Mutations

You passively map a small area around you.
You are easily found by Zot.
You glow in the dark.
You regain HP and MP as you explore.


Message History

Aim: a goblin, wielding a +0 club (severely wounded)
You freeze the goblin.
You kill the goblin!
Jessica hits you with a +1 dagger of venom.
You are poisoned.
Your Spellcasting skill increases to level 4!
You feel better. Jessica barely misses you.
Jessica hits you with a +1 dagger of venom!
You are lethally poisoned!
Casting: Freeze (safe; 1% risk of failure)
Confirm with . or Enter, or press ? or * to list all spells.
Aiming: Freeze (safe; 1% risk of failure)
Press: ? - help, Shift-Dir - straight line, f - Jessica
Aim: Jessica, wielding a +1 dagger of venom and wearing a +0 robe (fast)
You freeze Jessica.
Jessica is moderately wounded.
* * * LOW HITPOINT WARNING * * *
You feel very sick. Jessica barely misses you.
Casting: Freeze (safe; 1% risk of failure)
Confirm with . or Enter, or press ? or * to list all spells.
Aiming: Freeze (safe; 1% risk of failure)
Press: ? - help, Shift-Dir - straight line, f/p - Jessica
Aim: Jessica, wielding a +1 dagger of venom and wearing a +0 robe (moderately wounded, fast)
You freeze Jessica!
You kill Jessica!
* * * LOW HITPOINT WARNING * * *
You feel very sick.
You aren't carrying any potions.
There is a lethal amount of poison in your body!
Search for what [? for help]? pot Can't find anything matching that.
There is a lethal amount of poison in your body!
* * * LOW HITPOINT WARNING * * *
You feel sick.
Things that are here:
a +0 club; a +0 sling You aren't carrying any potions.
You aren't carrying any scrolls.
You die...

.# ,,#g, .......
....#.. ......
#...... .... ,
.......###.# ##### **
...[...###.....# ,
...............# *
.......)..........
..................# *
#########.@.......#
#.)#......# ,
###########)#ยง.....#
##...........)....##
, .*
#..#########.#.##...#
.####..# #.#.#* #.#,
, , .......# ** #.#..
.......# ,8###### ,
.......## , **


There were no monsters in sight!

Vanquished Creatures
  Jessica (D:2)
  Natasha (D:2)
  4 ball pythons
  An endoplasm (D:2)
  2 goblins (D:2)
  4 hobgoblins
  2 kobolds (D:1)
  A frilled lizard (D:1)
  A rat (D:1)
17 creatures vanquished.

Notes
Turn   | Place    | Note
-------+----------+-------------------------------------------
     0 | D:1      | hawla the Meteoran Ice Elementalist began the quest for the
                  | Orb.
     0 | D:1      | Reached XP level 1. HP: 14/14 MP: 5/5
   203 | D:1      | Reached XP level 2. HP: 18/20 MP: 3/6
   254 | D:2      | Identified a scroll of acquirement
   254 | D:2      | Acquired a +1 pair of gloves of stealth
   312 | D:2      | Noticed Natasha
   330 | D:2      | Noticed Jessica
   331 | D:2      | Reached XP level 3. HP: 25/26 MP: 1/8
   335 | D:2      | Killed Natasha
   336 | D:2      | Reached skill level 5 in Ice Magic
   336 | D:2      | Reached XP level 4. HP: 19/33 MP: 5/10
   343 | D:2      | Killed Jessica
   344 | D:2      | HP: 1/33 [poisoned by Jessica]
   345 | D:2      | Succumbed to Jessica's poison

Illustrated notes

Levels and vault maps discovered:
D:1:      elethiomel_arrival_maze, layout_basic,
          hellmonk_ecumenical_altar_inner_sanctum, minivault_11,
          hangedman_glass_teeth, minmay_lizard_pond
D:2:      layout_basic, grunt_decor_clamped, moated_statue, grunt_ministairs_8,
          serial_bayou_lagoon_a, chequers_serial_rivers_micro_c,
          uniq_crazy_yiuf_cottage, uniq_robin, uniq_natasha, uniq_jessica

Skill      XL: |  1  2  3  4 |
---------------+-------------+-----
Spellcasting   | 3 4 |  4.2
Ice Magic      | 5 |  5.2
Dodging        | |  2.6
Stealth        | |  1.4

Action                   |  1- 3 |  4- 6 || total
-------------------------+-------+-------++-------
Melee: Unarmed           |     1 |       ||     1
 Cast: Freeze            |    25 |     5 ||    30
  Use: Scroll            |     3 |       ||     3
       Potion            |     2 |     1 ||     3
Armor: Robe              |     6 |       ||     6
Dodge: Dodged            |    13 |     6 ||    19
